 Dungeon Crawl Stone Soup version 0.30-a0-116-g3b1a8e4ee4 (webtiles) character file.

Game seed: 11146286873786039834

15 frimble the Vexing (level 2, -1/21 HPs)
             Began as a Demonspawn Hexslinger on Sept 13, 2022.
             Slain by a hobgoblin (4 damage)
             ... on level 1 of the Dungeon.
             The game lasted 00:00:15 (407 turns).

frimble the Vexing (Demonspawn Hexslinger)           Turns: 407, Time: 00:00:16

Health: -1/21      AC:  2    Str: 10    XL:     2   Next: 34%
Magic:  3/3        EV: 12    Int: 14    God:
Gold:   62         SH:  0    Dex: 13    Spells: 2/3 levels left

rFire   . . .      SeeInvis .    a - +1 sling
rCold   . . .      Faith    .    (no shield)
rNeg    . . .      Spirit   .    c - +0 robe
rPois   .          Reflect  .    (no helmet)
rElec   .          Harm     .    (no cloak)
rCorr   .          Rampage  .    (no gloves)
Will    .....                    (no boots)
Stlth   +.........               (no amulet)
HPRegen 0.07/turn                (no ring)
MPRegen 0.08/turn                (no ring)

@: no status effects
A: ignite blood 1
a: no special abilities


You were on level 1 of the Dungeon.
You visited 1 branch of the dungeon, and saw 1 of its levels.

You collected 62 gold pieces.

Inventory:

Hand Weapons
 a - a +1 sling (weapon)
Armour
 c - a +0 robe (worn)
Scrolls
 b - a scroll of poison
Potions
 d - a potion of heal wounds {unknown}
 e - a potion of haste {unknown}


   Skills:
 + Level 1.3 Fighting
 + Level 2.0 Ranged Weapons
 + Level 2.0 Dodging
 + Level 1.2 Spellcasting
 + Level 3.1 Hexes


You had 2 spell levels left.
You knew the following spells:

 Your Spells              Type           Power      Damage    Failure   Level
a - Slow                  Hex            36%        N/A       7%          1

Your spell library contained the following spells:

 Spells                   Type           Power      Damage    Failure   Level
 Inner Flame              Hex/Fire       5%         N/A       38%         3
 Portal Projectile        Hex/Tloc       10%        N/A       38%         3
 Cause Fear               Hex            4%         N/A       56%         4


Dungeon Overview and Level Annotations

Branches:
Dungeon (1/15)

Altars:


Innate Abilities, Weirdness & Mutations

Your demonic aura sometimes causes spilled blood to erupt in flames.


Message History

The bat is moderately wounded.
You hear a shout!
A hobgoblin comes into view.
You shoot a sling bullet. The sling bullet barely misses the bat.
The bat hits you but does no damage.
A hobgoblin comes into view.
You shoot a sling bullet. The sling bullet hits the bat.
The bat is severely wounded.
The bat misses you. x2
A quokka comes into view.
The bat closely misses you. The hobgoblin misses you.
You shoot a sling bullet. The sling bullet hits the bat.
You kill the bat!
The hobgoblin barely misses you.
You shoot a sling bullet.
The sling bullet barely misses the hobgoblin.
The quokka closely misses you. The hobgoblin misses you.
The quokka closely misses you.
You shoot a sling bullet.
The sling bullet hits the hobgoblin but does no damage.
The quokka misses you.
You shoot a sling bullet. The sling bullet hits the hobgoblin.
The hobgoblin is severely wounded.
The quokka bites you.
The hobgoblin hits you. x2; The quokka bites you.
The hobgoblin hits you.
* * * LOW HITPOINT WARNING * * *
The hobgoblin hits you.
* * * LOW HITPOINT WARNING * * *
You are too injured to fight recklessly!
You are too injured to fight recklessly!
There are monsters nearby!
There are monsters nearby!
There are monsters nearby!
Fire: a) +1 sling
Press: ? - help, Q - select action, (/) - cycle Shift-Dir - straight line, f/p - hobgoblin
Aim: a hobgoblin (severely wounded, 56% to hit)
You shoot a sling bullet. The sling bullet hits the hobgoblin!
You kill the hobgoblin!
The quokka misses you. The hobgoblin hits you.
You die...

....###...# #.....#
.....##...# #.....#
...#..#...# ##.....#
...##'#...# #......#
..........#####....###
...................#
.................#.#
.................#.#
...............†@#.#
..###..........gr#.#
.................#
..................
†..............###.
...............
...............
...............
.............


You could see a quokka and a hobgoblin.

Vanquished Creatures
  3 dart slugs (D:1)
  A bat (D:1)
  An endoplasm (D:1)
  2 hobgoblins (D:1)
  2 ball pythons (D:1)
  A frilled lizard (D:1)
10 creatures vanquished.

Notes
Turn   | Place    | Note
-------+----------+-------------------------------------------
     0 | D:1      | frimble the Demonspawn Hexslinger began the quest for the
                  | Orb.
     0 | D:1      | Reached XP level 1. HP: 15/15 MP: 2/2
   279 | D:1      | Gained mutation: Your demonic aura sometimes causes spilled
                  | blood to erupt in flames. [demonic ancestry]
   279 | D:1      | Reached XP level 2. HP: 18/21 MP: 3/3
   407 | D:1      | Slain by a hobgoblin

Illustrated notes

Levels and vault maps discovered:
D:1:      matt_arrival_los_fun, layout_basic

Skill      XL: |  1  2 |
---------------+-------+-----
Dodging        | 2 |  2.0
Ranged Weapons | 2 |  2.0
Fighting       | |  1.3
Spellcasting   | |  1.2
Hexes          | |  3.1

Action                   || total
-------------------------++-------
 Fire: Sling             ||    30
 Cast: Slow              ||     2
Armor: Robe              ||     1
Dodge: Dodged            ||    17

Table legend: (Time is in decaauts)
 A = Elapsed time spent in this place.
 B = Non-inter-level travel time spent in this place.
 C = Inter-level travel time spent in this place.
 D = Time resting spent in this place.
 E = Time spent auto-exploring this place.
 F = Levels seen in this place.
 G = Mean time per level.
                   A        B        C        D        E       F      G
               +--------+--------+--------+--------+--------+-----+--------+
         Total |    416 |    416 |      0 |      0 |    363 |   1 |  416.0 |
       Dungeon |    416 |    416 |      0 |      0 |    363 |   1 |  416.0 |
               +--------+--------+--------+--------+--------+-----+--------+

Top non-repeatable levels by time:
     D:1: 416 daAuts
